AoeStats
← MilkyDady8720

Fortress

509534443Analyzed
2v2 RM · 5d ago on Sep 27, 2026· 50m 7s· 4 players
Game mode
Random Map
Map size
Normal (6 player)
Population
200
Speed
Normal
Resources
Standard
Victory
Conquest
Starting age
Dark Age
Ending age
Imperial Age
RankedLock teamsTeams togetherTeam positionsShared explorationLock speedFull tech treeHidden civsTurbo modeCheats
Victory
Defeat
🇦🇷 Mongols · Argentina
982
+29
🇦🇷 Byzantines · Argentina
838
+20
🇦🇷 Byzantines · Argentina
939
-17
🇦🇷 Persians · Argentina
901
-16
JosPros7601
3:38 Loom
7:00 Feudal Age
11:38 Castle Age
10:31 Double-Bit Axe
11:37 Padded Archer Armor
11:30 Fletching
11:52 Padded Archer Armor
12:00 Gold Mining
15:10 Horse Collar
17:48 Heavy Plow
18:02 Bow Saw
20:05 Wheelbarrow
22:37 Hand Cart
22:54 Forging
22:39 Bodkin Arrow
25:54 Town Watch
26:17 Heavy Plow
28:11 Stone Mining
28:57 Gold Shaft Mining
30:12 Leather Archer Armor
32:33 Imperial Age
31:25 Ballistics
32:45 Elite Mangudai
34:46 Heavy Scorpion
35:38 Bracer
38:45 Conscription
39:59 Drill
42:18 Chemistry
Cavechito773
8:44 Feudal Age
11:55 Double-Bit Axe
16:40 Castle Age
15:02 Forging
14:59 Scale Barding Armor
16:23 Fletching
17:27 Husbandry
18:28 Bow Saw
20:05 Caravan
19:53 Horse Collar
23:31 Wheelbarrow
25:10 Chain Barding Armor
25:19 Murder Holes
25:10 Treadmill Crane
27:03 Guard Tower
27:59 Iron Casting
28:21 Squires
28:29 Pikeman
38:50 Loom
41:42 Arson
46:41 Scale Mail Armor
49:44 Imperial Age
50:30 Hand Cart
JAAD7
7:27 Feudal Age
5:52 Loom
11:37 Castle Age
10:09 Town Watch
16:00 Double-Bit Axe
16:47 Horse Collar
22:29 Fletching
22:52 Forging
25:47 Scale Barding Armor
26:18 Iron Casting
26:57 Fletching
29:44 Chain Barding Armor
36:20 Bodkin Arrow
37:10 Elite Skirmisher
37:57 Padded Archer Armor
38:14 Heavy Plow
40:10 Wheelbarrow
40:30 Town Patrol
44:32 Gold Mining
46:51 Gold Shaft Mining
47:07 Ballistics
52:25 Imperial Age
MilkyDady8720
5:09 Loom
6:55 Feudal Age
11:40 Castle Age
10:49 Double-Bit Axe
11:16 Horse Collar
14:29 Bow Saw
18:14 Wheelbarrow
20:46 Scale Mail Armor
22:09 Fletching
22:19 Padded Archer Armor
23:05 Hand Cart
22:50 Bodkin Arrow
24:19 Leather Archer Armor
24:52 Elite Skirmisher
25:53 Forging
27:30 Ballistics
30:28 Iron Casting
35:11 Imperial Age
36:13 Chain Mail Armor
37:18 Elite Varangian Guard
39:16 Conscription
41:28 Ring Archer Armor
40:57 Bodkin Arrow
41:32 Plate Mail Armor
48:42 Bracer
49:42 Scale Barding Armor
Connection lost

Rejoining the realm…

Still unreachable

The connection could not be restored.

Session expired

The server has moved on; the page needs a fresh start.